 Dungeon Crawl Stone Soup version 0.18-a0-119-g02a7081 (webtiles) character file.

294 Proton the Slasher (level 6, -2/57 HPs)
             Began as a Naga Fighter on Nov 19, 2015.
             Slain by Proton's ghost (6 damage)
             ... on level 4 of the Dungeon.
             The game lasted 00:06:08 (2715 turns).

Proton the Slasher (Naga Fighter)                   Turns: 2715, Time: 00:06:09

Health: -2/57      AC:  9    Str: 20    XL:     6   Next: 34%
Magic:  6/6        EV:  4    Int:  8    God:
Gold:   163        SH:  9    Dex: 11    Spells: 0 memorised, 5 levels left

rFire  . . .     SeeInvis +     a - +0 long sword
rCold  . . .     Clarity  .     k - +0 chain mail
rNeg   . . .     SustAt   +     c - +0 shield
rPois  +         Gourm    .     o - +0 helmet {SInv}
rElec  .         Spirit   .     v - +0 cloak
rCorr  .         Warding  .     (no gloves)
rMut   .         Stasis   .     (no barding)
MR     .....                    i - amulet of regeneration
Stlth  ..........               (no ring)
                                y - ring of sustain attributes

@: very slow, not resistant to hostile enchantments, extremely unstealthy
A: see invisible, deformed body, poison resistance, slowness 2, slow metabolism
1, spit poison 2, AC +2
a: Spit Poison


You were on level 4 of the Dungeon.
You were not hungry.

You visited 1 branch of the dungeon, and saw 5 of its levels.

You collected 163 gold pieces.

Inventory:

Hand Weapons
 a - a +0 long sword (weapon)
Missiles
 g - 2 javelins (quivered)
Armour
 c - a +0 shield (worn)
 k - a +0 chain mail (worn)
 o - a +0 helmet of see invisible (worn)
 v - a +0 cloak (worn)
Jewellery
 i - an amulet of regeneration (around neck)
 y - a ring of sustain attributes (left hand)
Scrolls
 h - 2 scrolls of recharging {unknown}
 j - a scroll of immolation {unknown}
 l - 2 scrolls of amnesia {unknown}
 m - 3 scrolls of fog {unknown}
 n - 5 scrolls of identify {unknown}
 p - 2 scrolls of teleportation {unknown}
Potions
 b - 2 potions of heal wounds {unknown}
 d - a potion of might
 f - 2 potions of brilliance {unknown}
 q - 3 potions of ambrosia {unknown}
 r - a potion of haste {unknown}
 t - a potion of lignification {unknown}
 u - a potion of curing {unknown}
 w - 2 potions of poison {unknown}
 x - a potion of resistance {unknown}
Comestibles
 e - 2 bread rations
 s - 4 fruits


   Skills:
 + Level 3.7 Fighting
 + Level 3.8 Long Blades
 + Level 3.2 Armour
 + Level 2.2 Dodging
 + Level 3.1 Shields


You had 5 spell levels left.
You didn't know any spells.

Dungeon Overview and Level Annotations

Branches:
Dungeon (5/15)
 Temple: D:4-7

Altars:
Gozag
Qazlal
Ru
Vehumet
Xom
Yredelemnul

Annotations:
D:4 Proton's ghost, amateur NaFi
D:5 ReteAZ's ghost, novice TrWr


Innate Abilities, Weirdness & Mutations

You cannot wear boots.
Your serpentine skin is tough (AC +2).
You have supernaturally acute eyesight.
Armour fits poorly on your strangely shaped body.
Your system is resistant to poisons.
You cover ground very slowly.
You have a slow metabolism.
You can spit poison.


Message History

Proton's ghost is severely damaged.
You block Proton's ghost's attack.
You slash Proton's ghost!
Proton's ghost is almost destroyed.
Proton's ghost hits you.
You hit Proton's ghost but do no damage.
Proton's ghost is almost destroyed.
You block Proton's ghost's attack. Proton's ghost hits you.
You hit Proton's ghost but do no damage.
Proton's ghost is almost destroyed.
Proton's ghost hits you!
* * * LOW HITPOINT WARNING * * *
You hit Proton's ghost.
Proton's ghost is almost destroyed.
Proton's ghost hits you!
* * * LOW HITPOINT WARNING * * *
Your shield and chain mail prevent you from hitting Proton's ghost.
Proton's ghost is almost destroyed.
Proton's ghost hits you.
You die...

#......#
#......#
#..##..#
##..##..#
#....'..#
#....#..#
#....#..#
#....#W.#
######.@#
#..#
#.....#
#.....#
#.....#
#.....#
#######


You could see Proton's ghost.

Vanquished Creatures
  A crimson imp (D:5)
  Ijyb (D:2)
  A centaur skeleton (D:5)
  An orc wizard (D:5)
  A hound (D:5)
  Natasha (twice) (D:2)
  Robin (D:2)
  3 adders
  2 giant geckos
  3 orcs (D:5)
  9 bats
  2 giant cockroaches
  2 gnoll zombies (D:3)
  12 hobgoblins
  A quokka (D:2)
  2 giant newts
  18 goblins
  6 kobolds
  A quokka skeleton (D:4)
  9 rats
78 creatures vanquished.

Notes
Turn   | Place    | Note
--------------------------------------------------------------
     0 | D:1      | Proton the Naga Fighter began the quest for the Orb.
     0 | D:1      | Reached XP level 1. HP: 21/21 MP: 1/1
   251 | D:1      | Reached XP level 2. HP: 24/28 MP: 2/2
   864 | D:2      | Noticed Robin
   866 | D:2      | Reached XP level 3. HP: 27/34 MP: 3/3
  1000 | D:2      | Reached skill level 1 in Dodging
  1013 | D:2      | Killed Robin
  1054 | D:2      | Found a faded altar to an unknown god.
  1159 | D:2      | Noticed Ijyb
  1175 | D:2      | Killed Ijyb
  1175 | D:2      | Reached XP level 4. HP: 12/42 MP: 4/4
  1581 | D:2      | Found a shimmering altar of Xom.
  1648 | D:2      | Reached XP level 5. HP: 49/49 MP: 5/5
  1711 | D:2      | Noticed Natasha
  1720 | D:2      | Killed Natasha
  1798 | D:2      | Noticed Natasha
  1805 | D:2      | Killed Natasha
  1888 | D:3      | Found a sacrificial altar of Ru.
  1957 | D:3      | Found a stormy altar of Qazlal.
  2014 | D:3      | Found a basalt altar of Yredelemnul.
  2479 | D:4      | Noticed Proton's ghost (amateur NaFi)
  2519 | D:5      | Entered Level 5 of the Dungeon
  2548 | D:5      | Reached XP level 6. HP: 51/56 MP: 6/6
  2553 | D:5      | Found an opulent altar of Gozag.
  2679 | D:5      | Found a radiant altar of Vehumet.
  2693 | D:5      | Noticed ReteAZ's ghost (novice TrWr)
  2715 | D:4      | Slain by Proton's ghost

Vault maps used:
D:1:      saegor_arrival_miasma
D:2:      kennysheep_the_goblin_king, xom_butterflies, ecumenical_altar_2,
          serial_bayou_pond_d, uniq_robin, uniq_natasha
D:3:      grunt_qazlal_clouds, nicolae_ru_sacrificial_ziggurat,
          lemuel_zombie_altar_yredelemnul
D:4:      first_bread, uniq_edmund
D:5:      vehumet_crystals, serial_shops, nicolae_shop_statue_plus,
          grunt_gozag_statues, uniq_menkaure, uniq_prince_ribbit1

Action                   |  1- 3 |  4- 6 || total
-------------------------+-------+-------++-------
Melee: Long sword        |   166 |   250 ||   416
 Abil: Spit Poison       |       |     3 ||     3
  Eat: Fruit             |       |     3 ||     3
       Bread ration      |       |     1 ||     1
